 Dungeon Crawl Stone Soup version 0.25-a0-287-g56a5b49892 (webtiles) character file.

Game seed: 2574185869010431541, levelgen mode: deterministic

9632 Lanoc the Slasher (level 11, -3/107 HPs)
             Began as a Troll Skald on Dec 12, 2019.
             Was an Elder of Ru.
             Slain by a death knight
             ... wielding a +0 glaive
              (28 damage)
             ... on level 11 of the Dungeon on Dec 13, 2019.
             The game lasted 00:34:02 (10006 turns).

Lanoc the Slasher (Troll Skald)                    Turns: 10006, Time: 00:34:02

Health: -3/107     AC:  9    Str: 21    XL:     11   Next: 25%
Magic:  11/11      EV: 12    Int: 10    God:    Ru [****..]
Gold:   664        SH:  3    Dex: 11    Spells: 8/12 levels left

rFire    . . .     SeeInvis .   a - +1 falchion (vamp)
rCold    . . .     Gourm    +   (no shield)
rNeg     . . .     Faith    .   m - +0 robe
rPois    .         Spirit   .   (helmet restricted)
rElec    .         Reflect  +   L - +0 cloak
rCorr    .         Harm     .   (gloves unavailable)
MR       +....                  (boots unavailable)
Stlth    ..........             Q - +3 amulet of reflection
HPRegen  0.67/turn              A - +2 ring of protection
MPRegen  0.12/turn              p - ring of protection from magic

@: infused, lightly drained
A: large, unfitting armour, claws 3, fast metabolism 3, gourmand, regeneration
1, shaggy fur 1, tough skin 3, no stealth, inability to use devices, inability
to train armour
a: Draw Out Power, Power Leap, Renounce Religion


You were on level 11 of the Dungeon.
You worshipped Ru.
Ru was greatly pleased with you.
You were not hungry.

You visited 2 branches of the dungeon, and saw 12 of its levels.

You collected 664 gold pieces.

Inventory:

Hand Weapons
 a - a +1 vampiric falchion (weapon)
 b - a +0 hunting sling
 c - a +0 long sword of protection
 O - a +2 falchion of slicing
Missiles
 l - 15 boomerangs
 t - 20 poisoned darts
 u - a throwing net
 x - 102 bolts
 y - 251 arrows
 C - 30 sling bullets
 J - 2 large rocks (quivered)
Armour
 m - a +0 robe (worn)
 L - a +0 cloak (worn)
Jewellery
 e - a cursed ring of attention {unknown}
 o - an uncursed ring of magical power
 p - a ring of protection from magic (right claw)
 A - a +2 ring of protection (left claw)
 B - an uncursed ring of magical power
 F - an uncursed ring of see invisible
 Q - a +3 amulet of reflection (around neck)
Scrolls
 g - 6 scrolls of fog
 h - 3 scrolls of amnesia
 i - a scroll of blinking
 j - 2 scrolls of noise
 k - 4 scrolls of teleportation
 n - 6 scrolls of remove curse
 r - 2 scrolls of enchant armour
 s - a scroll of fear
 v - a scroll of magic mapping
 w - 5 scrolls of enchant weapon
Potions
 f - 3 potions of brilliance
 q - a potion of flight
 z - a potion of heal wounds
 D - a potion of lignification
 E - a potion of might
 I - 2 potions of haste
 P - a potion of cancellation
Comestibles
 d - 17 rations


   Skills:
 + Level 6.9(6.5) Fighting
 * Level 7.1(6.8) Long Blades
 + Level 7.0(6.7) Dodging
 - Level 1.2(0.9) Spellcasting
 + Level 6.0(5.7) Charms
 + Level 6.0(5.7) Necromancy


You had 8 spell levels left.
You knew the following spells:

 Your Spells              Type           Power        Failure   Level  Hunger
a - Infusion              Chrm           ##..         3%          1    ##.....
b - Regeneration          Chrm/Necr      ##........   10%         3    ####...

Your spell library contained the following spells:

 Spells                   Type           Power        Failure   Level  Hunger
 Song of Slaying          Chrm           ##......     4%          2    ###....
 Shroud of Golubria       Chrm/Tloc      #.....       16%         2    ###....
 Spectral Weapon          Hex/Chrm       #.......     32%         3    ####...
 Foxfire                  Conj/Fire      #...         34%         1    ##.....
 Conjure Flame            Conj/Fire      #.......     71%         3    ####...
 Inner Flame              Hex/Fire       #.......     71%         3    ####...
 Sticky Flame             Conj/Fire      #.......     98%         4    #####..
 Fireball                 Conj/Fire      #.........   100%        5    ######.


Dungeon Overview and Level Annotations

Branches:
Dungeon (11/15)            Temple (1/1) D:6            Lair (0/6) D:8
    Orc (0/2) D:10

Altars:
Ashenzari
Cheibriados
Dithmenos
Elyvilon
Fedhas
Gozag
Hepliaklqana
Kikubaaqudgha
Makhleb
Nemelex Xobeh
Okawaru
Qazlal
Ru
Sif Muna
Trog
Uskayaw
Vehumet
Wu Jian
Xom
Yredelemnul
Zin
The Shining One

Shops:
D:9 [


Innate Abilities, Weirdness & Mutations

You are too large for most types of armour.
You have claws for hands.
Your metabolism is lightning-fast.
You like to eat raw meat.
Your natural rate of healing is unusually fast.
You are covered in fur. (AC +1)
You have extremely tough skin. (AC +3)
You cannot be stealthy.
You cannot study or use magical devices.
You cannot train Armour skill.


Message History

The death knight invokes the aid of Yredelemnul against you.
Your body is wracked with pain!
Throwing (i - inventory. (/) - cycle)
J - 4 large rocks (quivered)
Press: ? - help, Shift-Dir - straight line, f - death knight
Aim: a death knight, wielding a +0 glaive and wearing a +0 chain mail You throw a large rock.
The large rock hits the death knight!!
The death knight is heavily wounded.
The death knight hits you from afar with a +0 glaive!!
Throwing (i - inventory. (/) - cycle)
J - 3 large rocks (quivered)
Press: ? - help, Shift-Dir - straight line, f/p - death knight
Aim: a death knight, wielding a +0 glaive and wearing a +0 chain mail (heavily wounded)
You throw a large rock.
The large rock barely misses the death knight.
The death knight hits you from afar with a +0 glaive!
* * * LOW HITPOINT WARNING * * *
You focus your will and blind the death knight in retribution!
You redirect the death knight's attack!
The death knight shouts!
The death knight hits you from afar with a +0 glaive!!
You die...

#.# #...# #. #.#
#...# #. #.# #...#
#. #.# #...# #.
#.# #...# #. #.#
#...#####. #.#
#......... #.#
#......).. #@#
#.........
#.#######..######.
#.p.....(.(# #.
#.########.# #.
#.# #.# #. #.# #.#
#. #.# #.# . #.#
#.# #.# .#


You could see a death knight.

Vanquished Creatures
  2 unseen horrors
  A cyclops (D:9)
  A kobold demonologist (D:11)
  3 trolls (D:10)
  A wraith (D:10)
  11 yaks
  A hungry ghost (D:10)
  Menkaure (D:6)
  An acid dragon (D:11)
  A water moccasin (D:10)
  Purgy (D:3)
  3 ice beasts
  2 orc warriors
  2 phantoms
  2 sky beasts
  A slave (D:9)
  8 ogres
  5 centaurs
  2 big kobolds (D:9)
  3 bullfrogs
  2 scorpions (D:5)
  6 howler monkeys
  6 crimson imps
  2 quasits (D:10)
  3 centaur skeletons
  2 centaur zombies
  3 bullfrog zombies
  6 hounds
  5 orc wizards
  6 orc priests
  3 bullfrog skeletons
  A jelly (D:11)
  Crazy Yiuf (D:6)
  3 iguanas
  7 worker ants
  2 hound zombies
  A hound skeleton (D:5)
  A worker ant zombie (D:9)
  6 gnolls
  A howler monkey skeleton (D:8)
  8 adders
  A shadow imp (D:5)
  4 oozes
  2 adder skeletons
  2 worms
  3 dart slugs
  7 leopard geckos
  26 orcs
  5 bats
  5 giant cockroaches
  18 goblins
  13 hobgoblins
  19 jackals
  6 quokkas
  3 ball pythons
  6 frilled lizards
  A jackal skeleton (D:5)
  25 kobolds
  A quokka skeleton (D:5)
  9 rats
  3 rat zombies (D:8)
286 creatures vanquished.

Vanquished Creatures (others)
  A two-headed ogre (D:10)
  Pikel (D:9)
  A plant (D:10)
3 creatures vanquished.

Grand Total: 289 creatures vanquished

Notes
Turn   | Place    | Note
-------+----------+-------------------------------------------
     0 | D:1      | Lanoc the Troll Skald began the quest for the Orb.
     0 | D:1      | Reached XP level 1. HP: 19/19 MP: 1/1
    50 | D:1      | Reached XP level 2. HP: 28/28 MP: 2/2
   339 | D:1      | Reached XP level 3. HP: 32/35 MP: 3/3
   800 | D:2      | Found a sacrificial altar of Ru.
   827 | D:2      | Became a worshipper of Ru the Awakened
   938 | D:2      | Reached XP level 4. HP: 18/44 MP: 1/4
   996 | D:2      | Learned a level 3 spell: Regeneration
  1407 | D:3      | Noticed Purgy
  1472 | D:3      | Killed Purgy
  1472 | D:3      | Reached XP level 5. HP: 21/52 MP: 0/5
  1716 | D:3      | Found a shimmering blue altar of Sif Muna.
  1764 | D:3      | Reached XP level 6. HP: 49/61 MP: 6/6
  1839 | D:3      | Gained mutation: You cannot be stealthy. [Ru sacrifice]
  2789 | D:4      | Reached XP level 7. HP: 61/67 MP: 7/7
  2879 | D:4      | Reached skill level 1 in Necromancy
  3064 | D:5      | Entered Level 5 of the Dungeon
  3292 | D:5      | Found a hazy altar of Hepliaklqana.
  3528 | D:5      | Reached XP level 8. HP: 30/78 MP: 8/8
  3734 | D:5      | Gained mutation: You cannot train Armour skill. [Ru
                  | sacrifice]
  3734 | D:5      | Reached * piety under Ru
  3734 | D:5      | Reached ** piety under Ru
  3791 | D:6      | Found an iron altar of Okawaru.
  3838 | D:6      | Found a staircase to the Ecumenical Temple.
  3838 | D:6      | Noticed Menkaure
  3927 | D:6      | Killed Menkaure
  3950 | Temple   | Entered the Ecumenical Temple
  4231 | D:6      | Found a runed translucent door.
  4232 | D:6      | Noticed Crazy Yiuf
  4239 | D:6      | Killed Crazy Yiuf
  4478 | D:6      | Reached skill level 5 in Dodging
  4478 | D:6      | Reached XP level 9. HP: 82/87 MP: 9/9
  4912 | D:7      | Reached skill level 5 in Fighting
  5147 | D:7      | Found a radiant altar of Vehumet.
  5147 | D:7      | Found an opulent altar of Gozag.
  5152 | D:7      | Found a shadowy altar of Dithmenos.
  5571 | D:8      | Found a hazy altar of Hepliaklqana.
  5610 | D:8      | Reached skill level 5 in Long Blades
  5739 | D:8      | Found an ancient bone altar of Kikubaaqudgha.
  5752 | D:8      | Gained mutation: You cannot study or use magical devices.
                  | [Ru sacrifice]
  5752 | D:8      | Reached *** piety under Ru
  5752 | D:8      | Reached **** piety under Ru
  5761 | D:8      | Found a staircase to the Lair.
  6161 | D:9      | Noticed a cyclops
  6179 | D:9      | Killed a cyclops
  6179 | D:9      | Reached skill level 5 in Charms
  6337 | D:9      | Noticed Pikel
  6379 | D:9      | Killed Pikel
  6379 | D:9      | Reached XP level 10. HP: 89/98 MP: 10/10
  6438 | D:9      | Found Ycwyuna's Armour Shoppe.
  6922 | D:10     | Entered Level 10 of the Dungeon
  6932 | D:10     | Noticed an unseen horror
  6959 | D:10     | Killed an unseen horror
  6975 | D:10     | Reached skill level 5 in Necromancy
  7915 | D:10     | Noticed a tengu warrior
  8155 | D:10     | Found a staircase to the Orcish Mines.
  8165 | D:10     | Noticed a two-headed ogre
  8282 | D:11     | Reached XP level 11. HP: 61/107 MP: 9/11
  8508 | D:11     | Noticed a death knight
  8657 | D:11     | Noticed an unseen horror
  8684 | D:11     | Killed an unseen horror
  9039 | D:11     | Noticed a tengu warrior
  9760 | D:10     | Killed a two-headed ogre
 10006 | D:11     | Slain by a death knight

Levels and vault maps discovered:
D:1:      evilmike_arrival_hilbert_curve, layout_loops_ring, minmay_vboxes
D:2:      kennysheep_the_goblin_king, layout_rooms,
          nicolae_ru_sacrificial_ziggurat
D:3:      layout_rooms, tgw_sif, first_ration, uniq_purgy
D:4:      corexii_shack_village, layout_loops_ring
D:5:      layout_cave_pools, old_standard_altar
D:6:      layout_rooms, minmay_temple_entry_stoned_glass, basic_altar,
          small_statue_intersection, uniq_menkaure, uniq_crazy_yiuf_cottage
D:7:      layout_basic, minitemple
D:8:      layout_rooms, lemuel_zombie_altar_kikubaaqudgha, lair_entry_dummy,
          basic_altar
D:9:      layout_basic, serial_shops, nicolae_shop_waterfront, uniq_pikel
D:10:     layout_roguey, orc_0_dummy, grunt_tengu_nest
D:11:     layout_long_grid
Temple:   regret_index_temple_sphere_string

Skill      XL: |  1  2  3  4  5  6  7  8  9 10 11 |
---------------+----------------------------------+-----
Dodging        | 2 3 4 5 6 7 |  7.0
Fighting       | 2 3 4 5 6 |  6.9
Long Blades    | 2 3 4 5 6 7 |  7.1
Charms         | 3 4 5 6 |  6.0
Necromancy     | 2 3 4 5 6 |  6.0
Spellcasting   | |  1.2

Action                   |  1- 3 |  4- 6 |  7- 9 | 10-12 || total
-------------------------+-------+-------+-------+-------++-------
Melee: Falchion          |   139 |   295 |   314 |   535 ||  1283
       Short sword       |       |    17 |   280 |       ||   297
 Fire: Hunting sling     |       |    10 |       |       ||    10
Throw: Boomerang         |       |     4 |    15 |     3 ||    22
       Large rock        |       |       |       |     7 ||     7
 Cast: Infusion          |     1 |     9 |    33 |    36 ||    79
Invok: Sacrifice Stealth |       |     1 |       |       ||     1
       Sacrifice Durabil |       |       |     1 |       ||     1
       Sacrifice Artific |       |       |     1 |       ||     1
       Power Leap        |       |       |       |     7 ||     7
       Draw Out Power    |       |       |       |     2 ||     2
       Reject Sacrifices |       |       |       |     1 ||     1
  Use: Potion            |       |     2 |     1 |     1 ||     4
       Scroll            |       |     5 |     8 |     6 ||    19
 Stab: Invisible         |       |       |     6 |    11 ||    17
       Distracted        |       |       |     1 |     1 ||     2
  Eat: Chunk             |    14 |    18 |    35 |    39 ||   106
       Ration            |       |       |       |     1 ||     1
Armor: Robe              |    58 |   137 |   173 |   205 ||   573
       Skin              |       |    81 |       |       ||    81
Dodge: Dodged            |   101 |   192 |   320 |   326 ||   939
Block: Other             |       |       |    19 |    52 ||    71
       Reflection        |       |       |       |     2 ||     2
       Rpst.: Falchion   |    27 |    52 |    65 |    83 ||   227

Table legend:
 A = Non-vault XP
 B = Vault XP
 C = Vault XP percentage of total XP
 D = Non-vault monster count
 E = Vault monster count
 F = Vault count percentage of total count
                 A         B        C        D         E       F
            +---------+---------+-------+---------+---------+-------
      Total |   12933 |     827 |   6.0 |     256 |      31 |  10.8
            +---------+---------+-------+---------+---------+-------
        D:1 |      51 |      10 |  16.4 |      26 |       6 |  18.8
        D:2 |      71 |      14 |  16.5 |      22 |       7 |  24.1
        D:3 |     171 |     180 |  51.3 |      29 |       2 |   6.5
        D:4 |     242 |      17 |   6.6 |      18 |      10 |  35.7
        D:5 |    1119 |       0 |   0.0 |      24 |       0 |   0.0
        D:6 |     969 |     208 |  17.7 |      23 |       2 |   8.0
        D:7 |     451 |       0 |   0.0 |      17 |       0 |   0.0
        D:8 |     686 |       3 |   0.4 |      21 |       3 |  12.5
        D:9 |    1293 |     395 |  23.4 |      27 |       1 |   3.6
       D:10 |    4674 |       0 |   0.0 |      29 |       0 |   0.0
       D:11 |    3206 |       0 |   0.0 |      20 |       0 |   0.0
            +---------+---------+-------+---------+---------+-------
